Map: 2000 Atmospheres LE

Players

A.I. 1 (Very Easy)

  • Race: Terran Terran

Salieri

  • Race: Protoss Protoss

VOD

Have the link to the VOD?

Description

Time

  • Played on: May 2, 2022, 6:40 a.m.
  • Length: 27:54
Show
View Real Time Build Order
Export as new Build Order

A.I. 1 (Very Easy) Terran 

Build Orders:  

Get SALT Encoding   

    16:54  SCV x12  
    17:06  SCV, Unknown  
  13  17:23  Supply Depot  
  13  18:11  Command Center  
  13  19:08  Command Center  
  13  20:14  SCV  
  13  20:16  Barracks  
  14  20:21  SCV  
  15  20:57  Command Center  
  15  21:06  Marine  
  16  22:15  SCV  
  17  22:16  Marine  
  17  22:22  SCV  
  19  22:24  Refinery  
  19  22:29  SCV  
  20  22:34  Refinery  
  20  23:06  SCV  
  20  23:07  Marine  
  22  23:14  SCV  
  23  24:07  Marine  
  24  24:25  Marine  
  25  24:43  Marine  
  26  25:08  SCV  
  27  25:15  SCV  
  28  25:23  SCV  
  29  25:30  SCV  
  29  25:32  Marine  
  26  25:37  SCV  
  27  25:48  SCV  
  28  25:50  Marine  
  28  25:55  SCV  
  30  26:02  SCV  
  31  26:08  Marine  
  32  26:26  Marine  
  33  26:44  Marine  
  34  27:00  SCV  
  33  27:07  Marine  
  28  27:08  SCV  
  22  27:15  SCV  
Show
View Real Time Build Order
Export as new Build Order

Salieri Protoss 

Build Orders:  

Get SALT Encoding   

    16:54  Probe x12  
    17:06  Unknown  
    17:07  Probe  
  13  17:19  Probe  
  14  17:23  Pylon  
  14  17:31  Probe  
  15  17:42  Gateway  
  15  17:43  Probe  
  16  17:55  Probe  
  17  18:15  Nexus  
  18  18:22  Assimilator  
  18  18:23  Probe  
  18  18:32  Cybernetics Core  
  18  18:37  Probe (Chrono Boost)  
  19  18:46  Pylon  
  19  18:47  Probe (Chrono Boost)  
  20  18:52  Probe (Chrono Boost)  
  20  18:54  Assimilator  
  21  19:03  Probe  
  21  19:08  Adept (Chrono Boost)  
  24  19:16  Probe, Warp Gate  
  25  19:28  Probe (Chrono Boost)  
  25  19:30  Probe (Chrono Boost)  
  27  19:34  Stalker (Chrono Boost)  
  29  19:40  Probe (Chrono Boost)  
  29  19:42  Probe (Chrono Boost)  
  31  19:46  Robotics Facility  
  31  19:49  Probe x2 (Chrono Boost)  
  33  19:58  Stalker  
  33  19:59  Probe  
  36  20:01  Probe  
  37  20:07  Pylon  
  37  20:11  Probe  
  37  20:14  Probe  
  39  20:24  Probe  
  39  20:26  Probe  
  39  20:28  Gateway  
  41  20:30  Gateway  
  41  20:35  Stalker  
  43  20:37  Probe  
  43  20:39  Probe  
  43  20:42  Observer  
  46  20:49  Probe  
  47  20:51  Probe  
  48  21:00  Nexus  
  48  21:05  Probe, Assimilator  
  48  21:06  Probe  
  48  21:10  Pylon  
  50  21:16  Robotics Bay  
  50  21:17  Probe  
  51  21:21  Probe  
  52  21:31  Stalker x2  
  52  21:32  Stalker  
  58  21:34  Probe x2  
  58  21:38  Pylon  
  60  21:42  Pylon  
  60  21:46  Probe  
  61  21:47  Probe  
  62  21:58  Stalker x3  
  62  22:00  Probe x2  
  70  22:06  Colossus (Chrono Boost)  
  70  22:14  Probe x3  
  79  22:20  Shield Battery  
  79  22:24  Shield Battery  
  79  22:27  Probe x2  
  79  22:28  Probe  
  82  22:31  Pylon  
  82  22:37  Pylon  
  82  22:40  Probe x2, Assimilator  
  82  22:41  Probe  
  85  22:49  Colossus (Chrono Boost), Extended Thermal Lance (Chrono Boost)  
  91  22:54  Probe x3  
  94  23:01  Zealot x3  
  100  23:06  Pylon  
  99  23:13  Forge  
  99  23:16  Forge  
  99  23:18  Twilight Council  
  99  23:24  Gateway  
  99  23:26  Gateway  
  99  23:28  Gateway  
  99  23:30  Gateway  
  99  23:33  Gateway  
  99  23:36  Zealot x3  
  105  23:41  Protoss Ground Armor Level 1 (Chrono Boost)  
  105  23:43  Protoss Ground Weapons Level 1 (Chrono Boost)  
  105  23:48  Charge (Chrono Boost)  
  105  23:58  Colossus (Chrono Boost)  
  105  24:00  Pylon  
  111  24:20  Pylon  
  111  24:27  Zealot x7  
  125  24:33  Nexus  
  125  24:34  Pylon  
  125  24:37  Pylon  
  125  24:40  Pylon  
  125  24:45  Warp Prism  
  127  24:49  Probe x3  
  130  24:57  Templar Archives  
  130  24:59  Zealot x8  
  146  25:05  Pylon  
  146  25:08  Pylon  
  146  25:10  Pylon  
  146  25:13  Probe x3  
  149  25:16  Gateway  
  149  25:19  Gateway  
  149  25:24  Sentry x3  
  149  25:25  Protoss Ground Weapons Level 2 (Chrono Boost)  
  149  25:26  Zealot x4, Protoss Ground Armor Level 2 (Chrono Boost)  
  163  25:28  Zealot  
  165  25:41  Probe x3  
  168  25:50  Pylon  
  168  25:57  High Templar  
  168  25:58  High Templar x3  
  168  25:59  Zealot x3  
  168  26:00  Zealot  
  184  26:05  Archon x2  
  184  26:12  Zealot  
  184  26:16  Dark Shrine  
  186  26:29  Zealot x3  
  186  26:30  Zealot x4  
Tags
 
Add a new tag
Caveats
  • Supply blocks, unpowered buildings, or Contaminate may cause inaccurate times.
  • Supply counts are checked every 10 seconds.